 Dungeon Crawl Stone Soup version 0.26-a0-259-g1effd001a9 (webtiles) character file.

Game seed: 2383172103482096515

9268 Lugonue the Firebug (level 11, -6/81 HPs)
             Began as a Demigod Fire Elementalist on July 23, 2020.
             Killed from afar by a wolf (37 damage)
             ... with an exploding inner flame
             ... hexed by the player character
             ... on level 1 of the Lair of Beasts on July 24, 2020.
             The game lasted 00:35:06 (17155 turns).

Lugonue the Firebug (Demigod Fire Elementalist)    Turns: 17155, Time: 00:35:06

Health: -6/81      AC: 12    Str: 17    XL:     11   Next: 1%
Magic:  20/35      EV: 28    Int: 19    God:
Gold:   608        SH:  0    Dex: 16    Spells: 10/25 levels left

rFire    . . .     SeeInvis .   p - +1 dagger (venom)
rCold    . . .     Faith    .   (no shield)
rNeg     . . .     Spirit   .   F - +1 ring mail "Roimaezi" {Harm} (curse)
rPois    +         Reflect  .   m - +1 helmet
rElec    .         Harm     +   o - +1 cloak
rCorr    .                      g - +0 pair of gloves
MR       +....                  (no boots)
Stlth    ++........             u - amulet of the acrobat
HPRegen  0.23/turn              D - ring of poison resistance
MPRegen  0.24/turn              y - ring of magical power

@: acrobat, very slightly contaminated, lightly drained
A: high mp 1
a: no special abilities


You were on level 1 of the Lair of Beasts.
You were not hungry.

You visited 2 branches of the dungeon, and saw 11 of its levels.

You collected 608 gold pieces.

Inventory:

Hand Weapons
 b - a +0 falchion
 l - a +0 short sword of draining
 p - a +1 dagger of venom (weapon)
 x - a +2 dagger of holy wrath
 G - a +0 scimitar
Missiles
 i - 44 poisoned darts (quivered)
Armour
 g - a +0 pair of gloves (worn)
 m - a +1 helmet (worn)
 o - a +1 cloak (worn)
 q - a +0 ring mail
 F - the cursed +1 ring mail "Roimaezi" (worn) {Harm}
   (You found it on level 7 of the Dungeon)

   It increases damage dealt and taken.
   It has a curse placed upon it.
Jewellery
 u - an amulet of the acrobat (around neck)
 y - a ring of magical power (right hand)
 B - an uncursed ring of fire {unknown}
 D - a ring of poison resistance (left hand)
 H - an uncursed ring of protection from fire {unknown}
Wands
 d - a wand of polymorph (7)
 e - a wand of digging (10)
 h - a wand of paralysis (4)
 s - a wand of random effects (19)
 t - a wand of flame (6)
Scrolls
 a - 3 scrolls of remove curse
 k - 4 scrolls of teleportation
 w - a scroll of fog
 z - a scroll of magic mapping
 A - 2 scrolls of identify
 I - a scroll of enchant weapon {unknown}
Potions
 f - 2 potions of cancellation
 j - 2 potions of brilliance
 n - 3 potions of stabbing
 r - 2 potions of mutation
 C - a potion of might
 E - a potion of flight
Comestibles
 c - 46 rations


   Skills:
 + Level 2.6(2.5) Fighting
 + Level 3.3 Short Blades
 + Level 2.1(2.0) Throwing
 + Level 5.3 Armour
 + Level 4.5(4.4) Dodging
 + Level 3.5 Stealth
 + Level 7.7 Spellcasting
 + Level 6.8 Conjurations
 + Level 1.7 Hexes
 + Level 7.9(7.8) Fire Magic
 + Level 1.0 Evocations


You had 10 spell levels left.
You knew the following spells:

 Your Spells              Type           Power        Failure   Level
a - Foxfire               Conj/Fire      ####         1%          1
b - Conjure Flame         Conj/Fire      #####...     2%          3
c - Inner Flame           Hex/Fire       ####....     7%          3
d - Sticky Flame          Conj/Fire      #####...     8%          4
e - Vampiric Draining     Necr           #.........   43%         3
f - Pain                  Necr           #...         16%         1

Your spell library contained the following spells:

 Spells                   Type           Power        Failure   Level
 Animate Skeleton         Necr           #.....       16%         1
 Fireball                 Conj/Fire      #####.....   22%         5
 Bolt of Magma            Conj/Fire/Erth ####......   52%         5
 Iskenderun's Battlesphe  Conj/Chrm      ###.....     75%         5
 Animate Dead             Necr           #.........   85%         4
 Agony                    Necr           #.......     99%         5
 Iron Shot                Conj/Erth      ###.......   99%         6
 Orb of Destruction       Conj           ####......   100%        7
 Spellforged Servitor     Conj/Summ      ###.......   100%        7


Dungeon Overview and Level Annotations

Branches:
Dungeon (10/15)            Temple (0/1) D:6            Lair (1/6) D:10
    Orc: D:9-12

Shops:
D:5 [

Annotations:
D:4 1 runed translucent door, Ge0ff's ghost, amateur DrEE
D:7 1 transporter


Innate Abilities, Weirdness & Mutations

You have an increased reservoir of magic. (+10% MP)


Message History

The wolf is covered in liquid flames!
The wolf burns!
Flame seeps out of the wolf.
The wolf barely misses you. x2
The wolf is engulfed in blazing flames.
Flame seeps out of the wolf.
The wolf bites you!
The wolf bites you but does no damage. x2
The wolf is engulfed in blazing flames.
Flame seeps out of the wolf.
The wolf closely misses you.
The wolf burns!
Flame seeps out of the wolf.
The wolf closely misses you.
The wolf is engulfed in blazing flames.
The wolf explodes!
The fiery explosion engulfs the wolf!!!
The wolf explodes!
The fiery explosion engulfs the wolf!!
You kill the wolf!
The fiery explosion engulfs the wolf!!
You kill the wolf!
You have reached level 11!
The fiery explosion engulfs the wolf!!
You kill the wolf!
The fiery explosion engulfs you!!
You die...

#...<.#
##....##
#.....#
#.....#
#....##
#...h#
#.§§○#
##..§§#
#P.§.@#
##....#
#....#
#....#
#....#
#....#
#.....
#.....


You could see a wolf.

Vanquished Creatures
  Harold (D:9)
  An ugly thing (D:9)
  3 trolls
  A hornet (D:7)
  2 wyverns (D:10)
  5 yaks (D:9)
  A vampire (D:10)
  A steam dragon (D:10)
  4 ice beasts
  4 orc warriors
  2 sky beasts
  7 ogres
  3 wolves (Lair:1)
  8 centaurs
  A crocodile (D:10)
  Blork the orc (D:4)
  2 big kobolds (D:8)
  7 bullfrogs
  7 scorpions
  6 killer bees (D:7)
  9 wights
  6 howler monkeys
  3 bullfrog zombies
  11 orc priests
  3 hounds
  A jelly (D:7)
  19 orc wizards
  A centaur skeleton (D:6)
  Natasha (D:2)
  An iguana (D:4)
  7 worker ants
  A hound skeleton (D:4)
  Robin (D:2)
  A howler monkey skeleton (D:5)
  14 adders
  A white imp (D:8)
  2 ufetubi
  An adder zombie (D:3)
  3 adder skeletons
  3 worms
  3 leopard geckos
  55 orcs
  3 ball pythons
  5 giant cockroaches
  14 goblins
  13 hobgoblins
  24 jackals
  6 quokkas
  13 bats
  7 frilled lizards
  A jackal skeleton (D:6)
  A jackal zombie (D:8)
  16 kobolds
  11 rats
328 creatures vanquished.

Vanquished Creatures (others)
  1009 foxfires
1009 creatures vanquished.

Grand Total: 1337 creatures vanquished

Notes
Turn   | Place    | Note
-------+----------+-------------------------------------------
     0 | D:1      | Lugonue the Demigod Fire Elementalist began the quest for
                  | the Orb.
     0 | D:1      | Reached XP level 1. HP: 14/14 MP: 5/5
   574 | D:1      | Reached XP level 2. HP: 20/20 MP: 2/7
   753 | D:1      | Reached skill level 1 in Conjurations
  2029 | D:2      | Found a stormy altar of Qazlal.
  2131 | D:3      | Reached XP level 3. HP: 22/26 MP: 3/9
  2937 | D:2      | Noticed an air elemental
  2938 | D:2      | Noticed a water elemental
  2938 | D:2      | Noticed a fire elemental
  2938 | D:2      | Noticed an earth elemental
  2952 | D:2      | Reached XP level 4. HP: 33/33 MP: 3/10
  3034 | D:2      | Noticed Natasha
  3040 | D:2      | Killed Natasha
  3571 | D:2      | Noticed Robin
  3580 | D:2      | Killed Robin
  3928 | D:2      | Reached XP level 5. HP: 38/38 MP: 12/12
  3975 | D:2      | Found a faded altar of an unknown god.
  4895 | D:3      | Reached XP level 6. HP: 28/45 MP: 2/13
  5107 | D:3      | Reached skill level 1 in Short Blades
  5511 | D:3      | Reached skill level 1 in Armour
  5730 | D:4      | Noticed Blork the orc
  5917 | D:4      | Killed Blork the orc
  6023 | D:4      | Reached skill level 1 in Throwing
  6109 | D:4      | Reached skill level 1 in Fighting
  6109 | D:4      | Reached XP level 7. HP: 46/52 MP: 10/15
  6373 | D:4      | Found a runed translucent door.
  6373 | D:4      | Noticed Ge0ff's ghost (amateur DrEE)
  6784 | D:5      | Entered Level 5 of the Dungeon
  6784 | D:5      | Found an opulent altar of Gozag.
  7470 | D:5      | Found Difof's Armour Shop.
  7521 | D:5      | Reached XP level 8. HP: 38/60 MP: 17/17
  7642 | D:5      | Found a shimmering blue altar of Sif Muna.
  7858 | D:6      | Found an ornate altar of the Wu Jian Council.
  8078 | D:6      | Learned a level 3 spell: Conjure Flame
  8157 | D:6      | Reached skill level 5 in Fire Magic
  8194 | D:7      | Noticed a hornet
  8256 | D:6      | Found a basalt altar of Yredelemnul.
  8687 | D:6      | Found a staircase to the Ecumenical Temple.
  8726 | D:6      | Found a sacrificial altar of Ru.
  8732 | D:6      | Learned a level 3 spell: Inner Flame
  9041 | D:6      | Found a burning altar of Makhleb.
  9226 | D:6      | Found a shimmering altar of Xom.
  9450 | D:7      | Found a transporter.
  9522 | D:7      | Reached skill level 5 in Conjurations
  9782 | D:7      | Got a faintly glowing ring mail
  9847 | D:6      | Learned a level 4 spell: Sticky Flame
  9871 | D:6      | Identified the cursed +1 ring mail "Roimaezi" {Harm} (You
                  | found it on level 7 of the Dungeon)
  9933 | D:6      | Reached XP level 9. HP: 64/67 MP: 19/19
 10118 | D:7      | Reached skill level 5 in Spellcasting
 10171 | D:7      | Found a bloodstained altar of Trog.
 10250 | D:7      | Noticed a two-headed ogre
 10641 | D:7      | Found an opulent altar of Gozag.
 10642 | D:7      | Found a sparkling altar of Nemelex Xobeh.
 11448 | D:7      | Found a bloodstained altar of Trog.
 12274 | D:8      | Reached XP level 10. HP: 73/73 MP: 17/23
 12528 | D:8      | Found a glowing silver altar of Zin.
 12744 | D:8      | Found a glowing golden altar of the Shining One.
 12744 | D:8      | Found a white marble altar of Elyvilon.
 13253 | D:9      | Noticed a green ugly thing
 13272 | D:9      | Killed a green ugly thing
 13272 | D:9      | Reached skill level 5 in Armour
 13438 | D:9      | Noticed Harold
 13471 | D:9      | Reached skill level 1 in Hexes
 13484 | D:9      | Killed Harold
 14071 | D:9      | Learned a level 3 spell: Vampiric Draining
 14073 | D:9      | Learned a level 1 spell: Pain
 14232 | D:9      | Reached skill level 1 in Evocations
 14422 | D:10     | Entered Level 10 of the Dungeon
 16263 | D:10     | Found a staircase to the Lair.
 17138 | Lair:1   | Entered Level 1 of the Lair of Beasts
 17155 | Lair:1   | Reached XP level 11. HP: 31/81 MP: 20/26
 17155 | Lair:1   | Killed from afar by a wolf

Illustrated notes

Levels and vault maps discovered:
D:1:      tarquinn_simple_flora_water_d, layout_basic
D:2:      layout_loops_ring, nicolae_qazlal_style_of_elements,
          chequers_ecumenical_altar_twisty, uniq_robin, uniq_natasha
D:3:      layout_loops_ring, kennysheep_generic_room_3
D:4:      layout_basic, ebering_ghost_reflecting_pool, first_ration,
          kennysheep_generic_room_11, uniq_blork_the_orc
D:5:      minmay_evil_eye, layout_rooms, nicolae_overflow_crystal_walls,
          serial_shops, kennysheep_mini, nicolae_gozag_seed_capital
D:6:      layout_loops_ring, lemuel_coloured_pillars_altar,
          kennysheep_little_box, nicolae_ru_awakened_eye, kennysheep_mini_moat,
          lightli_temple_of_fire, minmay_temple_entry_statues_fountains,
          serial_glass, glass_columns_a, glass_columns_a
D:7:      gammafunk_beogh_shrine, layout_basic, grunt_temple_overflow_opulence,
          overflow_temple_1_default, grunt_ogre_cave, lemuel_centaur_altar
D:8:      layout_basic, zin_academy, gammafunk_temple_overflow_statue,
          enter_ossuary_2, chequers_serial_rivers_micro_d
D:9:      layout_irregular_city, serial_column_ruins, column_ruins_hut_ruined,
          column_ruins_grid_2, column_ruins_columns_straight,
          column_ruins_grid_1, column_ruins_grid_1, uniq_harold
D:10:     layout_basic, erik_lair_dragon
Lair:1:   layout_cellular_growth, kennysheep_snail_temple

Skill      XL: |  1  2  3  4  5  6  7  8  9 10 |
---------------+-------------------------------+-----
Stealth        | 2 3 |  3.5
Spellcasting   | 2 3 4 6 7 |  7.7
Conjurations   | 1 2 3 4 5 6 |  6.8
Dodging        | 2 3 4 |  4.5
Fire Magic     | 3 4 5 6 7 |  7.9
Short Blades   | 1 2 3 |  3.3
Armour         | 1 2 3 4 5 |  5.3
Throwing       | 1 2 |  2.1
Fighting       | 1 2 |  2.6
Hexes          | 1 |  1.7
Evocations     | 1 |  1.0

Action                   |  1- 3 |  4- 6 |  7- 9 | 10-12 || total
-------------------------+-------+-------+-------+-------++-------
Melee: Unarmed           |    27 |       |       |       ||    27
       Short sword       |       |   102 |     5 |       ||   107
       Dagger            |       |       |   197 |    46 ||   243
Throw: Dart              |       |    19 |    15 |       ||    34
 Cast: Foxfire           |   131 |   142 |   264 |   134 ||   671
       Conjure Flame     |       |       |    11 |     6 ||    17
       Inner Flame       |       |       |    12 |    30 ||    42
       Sticky Flame      |       |       |     5 |     9 ||    14
Evoke: Wand              |       |       |     7 |     4 ||    11
  Use: Scroll            |     3 |     5 |    13 |     2 ||    23
       Potion            |       |     3 |     3 |     2 ||     8
 Stab: Sleeping          |     1 |     1 |     2 |     3 ||     7
       Paralysed         |       |       |       |     2 ||     2
  Eat: Ration            |     2 |     3 |     5 |     5 ||    15
Armor: Robe              |    35 |     2 |       |       ||    37
       Ring mail         |       |    54 |   109 |    39 ||   202
       Skin              |       |       |     8 |       ||     8
Dodge: Dodged            |    68 |   113 |   252 |    92 ||   525

Table legend:
 A = Non-vault XP
 B = Vault XP
 C = Vault XP percentage of total XP
 D = Non-vault monster count
 E = Vault monster count
 F = Vault count percentage of total count
                 A         B        C        D         E       F
            +---------+---------+-------+---------+---------+-------
      Total |   10735 |    2505 |  18.9 |     304 |      24 |   7.3
            +---------+---------+-------+---------+---------+-------
        D:1 |      46 |       0 |   0.0 |      29 |       0 |   0.0
        D:2 |      72 |      66 |  47.8 |      27 |      10 |  27.0
        D:3 |     425 |       1 |   0.2 |      55 |       1 |   1.8
        D:4 |     402 |     146 |  26.6 |      22 |       3 |  12.0
        D:5 |     662 |       0 |   0.0 |      24 |       0 |   0.0
        D:6 |    1162 |       0 |   0.0 |      32 |       0 |   0.0
        D:7 |    2263 |     564 |  20.0 |      42 |       5 |  10.6
        D:8 |    1158 |       0 |   0.0 |      36 |       0 |   0.0
        D:9 |    2439 |    1018 |  29.4 |      14 |       1 |   6.7
       D:10 |    1756 |     710 |  28.8 |      20 |       4 |  16.7
     Lair:1 |     350 |       0 |   0.0 |       3 |       0 |   0.0
            +---------+---------+-------+---------+---------+-------
